cohdb
Replays
Latest Replays
All Replays
Popular Replays
Top Player Replays
Match Explorer
How It Works
Community
CoH3 Stats
Reddit
Sign in to upload your games and track your stats! →
Sign in with Steam
Match 41678005
Unlisted
Match 41678005
Overview
Messages
Build Orders
End
Kradschützen Motorcycle Team
Panzergrenadier Squad
Selects Italian Infantry
Panzergrenadier Squad
Construct Light Support Kompanie
2.5-tonne Medical Truck
Panzerjäger Squad
Selects Guastatori Squad
Assault Mechanized Group
Guastatori Squad
Selects L6/40 Light Tank Combat Group
Selects L6/40 Light Tank Combat Group
Fire Support Elements
Pak 38 Anti-tank Gun Team
Kaisor
Zyllen
Insomniac
Cpt. Colter Stevens
0
0
Comments
sign in to comment!
No comments posted yet!